 Dungeon Crawl Stone Soup version 0.18-a0-1747-g18c4181 (webtiles) character file.

79 dobroeutro the Covered (level 4, -3/29 HPs)
             Began as a Gargoyle Fighter on Apr 12, 2016.
             Slain by PeterLawrence's ghost (6 damage)
             ... on level 3 of the Dungeon.
             The game lasted 00:06:05 (1358 turns).

dobroeutro the Covered (Gargoyle Fighter)           Turns: 1358, Time: 00:06:06

Health: -3/29      AC: 11    Str: 21    XL:     4   Next: 37%
Magic:  4/4        EV:  7    Int:  8    God:
Gold:   51         SH:  9    Dex:  9    Spells: 0 memorised, 3 levels left

rFire  . . .     SeeInvis .     s - +0 hunting sling
rCold  . . .     Gourm    .     b - +0 scale mail
rNeg   + . .     Faith    .     c - +0 shield
rPois  ∞         Spirit   .     l - +0 helmet
rElec  +         Dismiss  .     (no cloak)
rCorr  .         Reflect  .     (no gloves)
SustAt .         Harm     .     (no boots)
MR     .....                    (no amulet)
Stlth  ..........               (no ring)
                                (no ring)

@: not resistant to hostile enchantments, extremely unstealthy
A: negative energy resistance 1, electricity resistance, unbreathing,
petrification resistance, rot immunity, AC +3
a: no special abilities


You were on level 3 of the Dungeon.
You were not hungry.

You visited 1 branch of the dungeon, and saw 3 of its levels.

You collected 51 gold pieces.

Inventory:

Hand Weapons
 a - a +0 flail
 s - a +0 hunting sling (weapon)
Armour
 b - a +0 scale mail (worn)
 c - a +0 shield (worn)
 l - a +0 helmet (worn)
Scrolls
 e - 2 scrolls of fog {unknown}
 j - 3 scrolls of identify {unknown}
 o - a scroll of recharging {unknown}
 q - a scroll of fear {unknown}
 r - 2 scrolls of remove curse {unknown}
 t - a scroll of teleportation {unknown}
Potions
 d - a potion of might
 g - a potion of ambrosia {unknown}
 h - a potion of curing {unknown}
 i - 2 potions of agility {unknown}
 k - a potion of flight {unknown}
 n - a potion of haste {unknown}
 p - 2 potions of cure mutation {unknown}
Comestibles
 f - 3 bread rations


   Skills:
 + Level 3.7 Fighting
 + Level 2.5 Maces & Flails
 + Level 4.1 Armour
 + Level 4.1 Shields


You had 3 spell levels left.
You didn't know any spells.

Dungeon Overview and Level Annotations

Branches:
Dungeon (3/15)

Altars:
Kikubaaqudgha
Nemelex Xobeh

Annotations:
D:3 PeterLawrence's ghost, amateur MiFi


Innate Abilities, Weirdness & Mutations

You are resistant to torment.
Your stone body is resilient (AC +3).
You are immune to poison.
You resist negative energy.
You are resistant to electric shocks.
You can survive without breathing.
You are immune to petrification.
You are immune to rotting.


Message History

PeterLawrence's ghost hits you. You block the hobgoblin's attack.
You closely miss PeterLawrence's ghost.
PeterLawrence's ghost is lightly damaged.
PeterLawrence's ghost hits you. You block the hobgoblin's attack.
PeterLawrence's ghost hits you.
The hobgoblin hits you but does no damage.
You clumsily bash PeterLawrence's ghost but do no damage.
PeterLawrence's ghost is lightly damaged.
PeterLawrence's ghost hits you!
* * * LOW HITPOINT WARNING * * *
You block the hobgoblin's attack.
Your shield and scale mail prevent you from hitting PeterLawrence's ghost.
PeterLawrence's ghost is lightly damaged.
PeterLawrence's ghost barely misses you.
You block the hobgoblin's attack.
You block PeterLawrence's ghost's attack.
You clumsily bash PeterLawrence's ghost but do no damage.
PeterLawrence's ghost is lightly damaged.
You block the hobgoblin's attack. PeterLawrence's ghost hits you.
You die...

............##.......#
............##.......#
+#.PP.[....##########
#+##..########
#..##.....#
#....^....#
#######.........#
................#
......g@.##.....#
......W####.....#
....... #...###
....... #...# ###(###
#...# #. #...# # ....#


You could see PeterLawrence's ghost and a hobgoblin.

Vanquished Creatures
  2 gnolls
  2 adders (D:2)
  4 giant cockroaches
  8 goblins
  6 hobgoblins
  5 jackals
  3 bats
  2 giant newts
  3 kobolds
  3 rats
38 creatures vanquished.

Vanquished Creatures (others)
  A human (D:2)
1 creature vanquished.

Grand Total: 39 creatures vanquished

Notes
Turn   | Place    | Note
--------------------------------------------------------------
     0 | D:1      | dobroeutro the Gargoyle Fighter began the quest for the Orb.
     0 | D:1      | Reached XP level 1. HP: 14/14 MP: 1/1
    98 | D:1      | Reached XP level 2. HP: 8/19 MP: 2/2
   541 | D:2      | Reached XP level 3. HP: 20/23 MP: 3/3
   752 | D:2      | Found a sparkling altar of Nemelex Xobeh.
   770 | D:2      | Reached XP level 4. HP: 11/28 MP: 4/4
   887 | D:2      | Found an ancient bone altar of Kikubaaqudgha.
   890 | D:2      | Noticed a human
   891 | D:2      | Killed a human
  1346 | D:3      | Noticed PeterLawrence's ghost (amateur MiFi)
  1358 | D:3      | Slain by PeterLawrence's ghost

Vault maps used:
D:1:      ncdulo_watergridlock
D:2:      lemuel_doored_altar, tgw_kikubaaqudgha
D:3:      corexii_shack_village

Skill      XL: |  1  2  3 |
---------------+----------+-----
Armour         | 4 |  4.1
Shields        | 4 |  4.1
Fighting       | |  3.7
Maces & Flails | |  2.5

Action                   |  1- 3 |  4- 6 || total
-------------------------+-------+-------++-------
Melee: Flail             |   139 |    20 ||   159
       Hunting sling     |       |     5 ||     5
Throw: Javelin           |       |     5 ||     5
  Eat: Chunk             |       |     2 ||     2
Armor: Scale mail        |   103 |    10 ||   113
Dodge: Dodged            |    77 |     8 ||    85
Block: Shield            |    89 |    24 ||   113
